Map: Prion Terraces

Players

SpookyGhost

  • Race: Zerg Zerg
  • League: Grandmaster

Polt - Winner!

  • Race: Terran Terran
  • League: Master

VOD

Have the link to the VOD?

Description

Time

  • Played on: Nov. 20, 2015, 11:06 p.m.
  • Length: 13:21
Show
View Real Time Build Order
Export as new Build Order

SpookyGhost Zerg 

Build Orders: Hatch First 

Get SALT Encoding   

  12  0:02  Drone  
  13  0:13  Overlord  
  13  0:18  Drone  
  14  0:31  Drone x2  
  14  0:35  Drone  
  17  0:52  Hatchery  
  17  0:54  Drone  
  17  0:56  Extractor  
  16  0:59  Drone  
  17  1:13  Spawning Pool  
  17  1:16  Drone  
  17  1:20  Drone  
  18  1:28  Drone  
  19  1:41  Overlord  
  19  2:00  Metabolic Boost, Zergling x2  
  19  2:01  Queen  
  20  2:02  Zergling x2  
  20  2:04  Queen  
  25  2:08  Drone  
  25  2:13  Drone  
  27  2:18  Drone  
  28  2:24  Drone  
  29  2:33  Drone x2  
  30  2:40  Queen  
  32  2:47  Drone  
  32  2:49  Overlord  
  32  2:50  Drone  
  33  3:03  Hatchery, Drone x2  
  34  3:06  Drone  
  34  3:11  Drone  
  34  3:12  Drone x2  
  38  3:14  Drone  
  38  3:17  Drone  
  40  3:21  Overlord  
  40  3:27  Drone x3  
  40  3:33  Drone  
  44  3:38  Roach Warren  
  44  3:40  Extractor  
  44  3:41  Drone  
  43  3:49  Drone x2  
  43  3:50  Drone  
  43  3:51  Drone  
  43  3:53  Queen  
  49  3:56  Overlord  
  49  3:59  Overlord  
  49  4:17  Overlord  
  49  4:19  Queen  
  49  4:23  Roach x4  
  49  4:24  Roach  
  61  4:28  Drone x2  
  61  4:29  Drone x3  
  66  4:37  Evolution Chamber  
  65  4:39  Evolution Chamber  
  65  4:40  Overlord  
  65  4:41  Drone x2  
  65  4:44  Drone x2  
  67  4:47  Drone  
  67  4:48  Drone  
  67  4:55  Spore Crawler  
  67  4:57  Drone  
  67  4:58  Drone x3  
  69  5:05  Drone  
  69  5:06  Drone x4  
  74  5:12  Overlord x3  
  74  5:14  Zerg Missile Weapons Level 1  
  72  5:21  Extractor x2  
  71  5:22  Lair  
  71  5:26  Zerg Ground Armor Level 1  
  70  5:30  Extractor  
  70  5:33  Extractor  
  70  5:35  Drone x5  
  72  5:37  Drone  
  72  5:38  Drone  
  72  5:39  Drone  
  76  5:46  Hatchery  
  76  5:49  Drone x3  
  79  5:50  Drone x2  
  79  5:52  Queen  
  79  5:54  Pneumatized Carapace  
  82  6:00  Roach x4  
  82  6:02  Overlord x2  
  90  6:04  Overlord  
  90  6:07  Overlord  
  90  6:21  Roach x3  
  90  6:22  Glial Reconstitution, Roach x4  
  90  6:24  Ravager  
  90  6:25  Ravager x2  
  107  6:32  Roach  
  111  6:33  Roach x2  
  111  6:34  Overlord  
  111  6:35  Overlord x2  
  111  6:36  Overlord  
  113  6:54  Roach  
  113  6:55  Roach x6  
  113  7:00  Roach x5  
  113  7:01  Roach  
  139  7:10  Overlord x4  
  139  7:15  Overlord x2  
  139  7:16  Overlord  
  139  7:18  Ravager  
  139  7:19  Ravager x2  
  142  7:24  Zerg Ground Armor Level 2, Zerg Missile Weapons Level 2  
  142  7:26  Overlord x2  
  142  7:33  Overlord  
  142  7:34  Overlord x2  
  142  7:38  Roach  
  142  7:39  Roach  
  146  7:57  Hatchery  
  146  7:58  Roach x7  
  155  8:02  Drone x2  
  155  8:03  Drone  
  157  8:14  Hatchery  
  157  8:15  Roach x4  
  164  8:22  Roach x4  
  172  8:31  Ravager x2  
  172  8:32  Ravager x3  
  172  8:33  Ravager x3  
  180  8:37  Roach x4  
  188  8:41  Roach  
  188  8:42  Roach  
  188  8:48  Hydralisk Den  
  191  8:53  Drone  
  170  9:14  Roach x12  
  174  9:22  Hatchery  
  174  9:23  Muscular Augments  
  173  9:26  Drone x3  
  176  9:33  Hydralisk  
  176  9:34  Hydralisk x3  
  184  9:42  Hydralisk x3  
  190  9:57  Hydralisk x6  
  200  10:11  Overseer  
  198  10:19  Ravager  
  199  10:23  Infestation Pit  
  194  10:48  Hydralisk  
  194  10:49  Hydralisk x5  
  188  10:51  Roach  
  188  10:52  Roach x4  
  192  11:05  Ravager  
  192  11:06  Ravager x5  
  192  11:07  Roach  
  194  11:13  Roach  
  194  11:14  Roach x4  
  195  11:23  Roach x6  
  172  11:44  Roach x11  
  168  12:04  Hydralisk  
  168  12:05  Hydralisk x4  
  168  12:06  Roach x2  
  168  12:07  Roach x2  
  172  12:21  Roach x4  
  172  12:22  Roach  
  168  12:33  Roach x3  
  172  12:40  Roach x2  
  170  12:50  Ravager x4  
  170  12:51  Ravager  
  175  12:57  Roach  
  175  12:58  Roach  
  167  13:08  Hatchery  
  167  13:10  Hatchery  
Show
View Real Time Build Order
Export as new Build Order

Polt Terran - Winner!

Build Orders: Reaper Expand, Bio Mine 

Get SALT Encoding   

  12  0:00  SCV  
  13  0:13  SCV  
  14  0:17  Supply Depot  
  14  0:25  SCV  
  15  0:39  SCV, Barracks  
  16  0:44  Refinery  
  16  0:51  SCV  
  17  1:03  SCV  
  18  1:15  SCV  
  19  1:27  Reaper, Orbital Command  
  20  1:39  Command Center  
  20  1:48  Refinery  
  20  1:53  SCV  
  21  1:55  Supply Depot  
  21  1:59  Barracks Reactor  
  21  2:05  SCV  
  22  2:17  SCV  
  22  2:20  Factory  
  23  2:29  SCV  
  24  2:36  Marine x2  
  26  2:41  SCV  
  27  2:53  SCV, Orbital Command  
  27  2:54  Marine x2  
  30  3:03  Factory Tech Lab  
  30  3:06  Starport  
  30  3:07  SCV  
  30  3:11  Marine x2  
  33  3:19  SCV x2  
  35  3:22  Siege Tank  
  38  3:30  Marine x2  
  38  3:31  SCV x2, Supply Depot  
  42  3:43  SCV x2, Medivac  
  46  3:56  Barracks x2  
  46  3:58  Marine  
  46  3:59  SCV, Stimpack  
  46  4:00  SCV  
  49  4:03  Factory Reactor  
  49  4:04  Supply Depot  
  49  4:08  Liberator  
  49  4:11  SCV  
  49  4:12  SCV  
  49  4:15  Marine  
  52  4:24  SCV x2  
  54  4:26  Supply Depot  
  54  4:28  Supply Depot  
  56  4:36  SCV x2  
  56  4:37  Marine  
  59  4:45  Command Center  
  59  4:48  SCV x2, Factory Reactor  
  61  4:57  Marauder  
  61  4:58  Marine x2  
  65  5:01  SCV x2  
  64  5:14  SCV x2  
  64  5:17  Refinery  
  64  5:18  Refinery  
  64  5:19  Starport Reactor  
  66  5:23  Engineering Bay  
  66  5:26  Engineering Bay  
  66  5:27  SCV x2  
  66  5:28  Supply Depot  
  68  5:29  Marine x3  
  68  5:30  Marauder, Marine  
  74  5:37  Factory Reactor  
  74  5:39  SCV x2  
  76  5:46  Barracks  
  76  5:47  Barracks  
  76  5:49  Terran Infantry Weapons Level 1  
  76  5:51  SCV x2, Terran Infantry Armor Level 1  
  76  5:54  Marauder, Marine x3  
  83  6:07  SCV x2  
  83  6:08  Medivac x2  
  89  6:17  Orbital Command  
  89  6:19  SCV x2  
  89  6:21  Supply Depot x2, Marauder  
  89  6:22  Marine x3  
  89  6:24  Marine  
  97  6:30  Widow Mine x2  
  101  6:35  Combat Shields, Armory  
  101  6:43  SCV x3, Refinery  
  103  6:50  Barracks Tech Lab, Marauder  
  103  6:52  Marine x6  
  111  7:08  Supply Depot  
  111  7:09  Supply Depot, Concussive Shells, Marauder  
  111  7:10  Supply Depot, Marine x6  
  111  7:11  Marauder  
  111  7:13  Medivac x2  
  125  7:23  Supply Depot  
  125  7:24  Supply Depot  
  125  7:29  Widow Mine x2  
  128  7:39  Marauder x2, Marine x6  
  128  7:43  Terran Vehicle And Ship Armor Level 1, Medivac  
  128  7:44  Medivac  
  142  7:47  Command Center  
  142  7:48  Supply Depot  
  142  7:51  Supply Depot  
  142  7:52  Terran Infantry Weapons Level 2  
  142  8:04  Terran Infantry Armor Level 2  
  142  8:07  Marine x4, Marauder x2  
  142  8:08  Marine x2  
  152  8:14  Widow Mine x2  
  156  8:24  Supply Depot  
  156  8:27  Marine x4  
  156  8:28  Marine x2  
  156  8:29  Marauder x2  
  166  8:38  Medivac x2  
  166  8:39  Barracks x2  
  170  8:42  Barracks, Widow Mine  
  170  8:43  Widow Mine  
  170  8:46  Factory  
  176  8:56  Marine x6, Marauder x2  
  183  9:04  Command Center  
  154  9:25  Widow Mine x2, Medivac x2  
  154  9:27  Barracks Tech Lab, Marauder x2  
  154  9:28  Barracks Tech Lab, Marine x6  
  154  9:30  Barracks Reactor  
  172  9:32  Planetary Fortress  
  171  9:54  Marauder x4  
  171  9:56  Marine x2  
  171  9:57  Marine x4  
  184  10:01  Factory Tech Lab, Terran Vehicle And Ship Armor Level 2  
  184  10:07  Refinery  
  184  10:12  Terran Infantry Weapons Level 3  
  184  10:23  Terran Infantry Armor Level 3  
  184  10:28  Orbital Command  
  176  10:39  Command Center  
  176  10:42  Command Center  
  165  10:52  Marine x8, Marauder x4  
  181  11:00  Medivac x2  
  181  11:03  Widow Mine x3  
  187  11:05  Drilling Claws  
  187  11:16  Marauder x3, Marine x6  
  187  11:17  Marauder, Marine x2  
  175  11:41  Marine x8, Marauder x4  
  155  11:58  Orbital Command  
  155  12:01  Marine x8  
  143  12:02  Marauder x4  
  158  12:13  Orbital Command  
  152  12:23  Marauder x2, Marine x8  
  152  12:24  Marauder x2  
  158  12:31  Widow Mine x3, Medivac x2  
  138  12:46  Marauder x3  
  138  12:47  Marine x4, Marauder  
  138  12:48  Marine x4  
  154  12:54  Orbital Command  
Tags
 
Add a new tag
Caveats
  • Supply blocks, unpowered buildings, or Contaminate may cause inaccurate times.
  • Supply counts are checked every 10 seconds.